AoeStats
← kolemy

MegaRandom

505909527Analyzed
2v2 RM · 20d ago on Sep 11, 2026· 62m 50s· 4 players
Game mode
Random Map
Map size
Medium (4 player)
Population
200
Speed
Normal
Resources
Standard
Victory
Conquest
Starting age
Dark Age
Ending age
Imperial Age
RankedLock teamsTeams togetherTeam positionsShared explorationLock speedFull tech treeHidden civsTurbo modeCheats
Victory
Defeat
🇬🇹 Vietnamese · Guatemala
582
+14
🇹🇼 Japanese · Taiwan
561
+15
🇦🇷 Franks · Argentina
543
-15
🇦🇷 Bohemians · Argentina
521
-14
Saveiro 92'
12:37 Feudal Age
13:04 Double-Bit Axe
15:26 Wheelbarrow
14:39 Horse Collar
24:16 Castle Age
25:22 Hand Cart
25:54 Bow Saw
25:49 Heavy Plow
29:28 Loom
31:45 Town Watch
36:12 Forging
36:03 Scale Mail Armor
36:28 Town Patrol
39:47 Imperial Age
38:47 Medium Warships
42:26 Conscription
50:21 Heavy Warships
50:40 Elite Hussite Wagon
52:25 Treadmill Crane
53:06 Ballistics
53:47 Chemistry
53:00 Masonry
52:45 Murder Holes
55:19 Iron Casting
55:00 Chain Mail Armor
55:51 Two-Man Saw
59:54 Squires
59:27 Pikeman
59:37 Houfnice
61:21 Man-at-Arms
Tanguito8934
14:31 Feudal Age
12:46 Loom
15:32 Double-Bit Axe
kolemy
1:00 Loom
16:45 Feudal Age
18:22 Double-Bit Axe
18:24 Horse Collar
31:47 Castle Age
32:55 Wheelbarrow
32:11 Town Watch
32:52 Crossbowman
34:23 Caravan
36:52 Medium Warships
36:23 Fishing Lines
37:03 Fletching
36:59 Treadmill Crane
37:40 Ballistics
37:16 Murder Holes
37:32 Fortified Wall
37:15 Guard Tower
38:33 Bodkin Arrow
41:13 Town Patrol
41:35 Hand Cart
46:11 Imperial Age
46:36 Heated Shot
48:48 Heavy Plow
49:45 Bracer
49:59 Chatras
50:21 Paper Money
49:30 Elite Battle Elephant
49:31 Light Cavalry
50:13 Husbandry
51:20 Chemistry
51:06 Paper Money
52:04 Gold Mining
52:05 Stone Mining
56:27 Padded Archer Armor
56:28 Scale Mail Armor
56:34 Scale Barding Armor
56:40 Forging
OTSNK_ntujaychou
9:54 Loom
16:40 Feudal Age
17:19 Town Watch
18:22 Wheelbarrow
17:57 Fishing Lines
19:11 Double-Bit Axe
19:22 Gold Mining
19:58 Forging
19:50 Scale Mail Armor
20:20 Fletching
20:56 Stone Mining
24:55 Castle Age
23:47 Man-at-Arms
27:17 Gillnets
31:33 Hand Cart
32:15 Bow Saw
33:18 Gold Shaft Mining
33:40 Squires
33:02 Long Swordsman
33:30 Gambesons
34:45 Bodkin Arrow
35:26 Iron Casting
42:46 Imperial Age
39:59 Treadmill Crane
40:30 Masonry
40:41 Ballistics
40:17 Murder Holes
40:36 Clinker Construction
40:37 Careening
40:43 Careening
40:24 Guard Tower
40:59 Chain Mail Armor
40:10 Pikeman
40:36 Arson
44:28 Blast Furnace
43:59 Plate Mail Armor
43:30 Bracer
45:39 Dry Dock
45:41 Carvel Hull
45:44 Shipwright
45:14 Arrowslits
46:34 Chemistry
47:27 Two-Man Saw
46:40 Siege Engineers
45:59 Two-Handed Swordsman
47:04 Conscription
47:24 Hoardings
49:27 Champion
50:45 Kataparuto
54:24 Arrowslits
55:17 Keep
Connection lost

Rejoining the realm…

Still unreachable

The connection could not be restored.

Session expired

The server has moved on; the page needs a fresh start.